 Dungeon Crawl Stone Soup version 0.31-a0-150-g89dc3ad700 (webtiles) character file.

Game seed: 7716354939105370438

739 qw the Skirmisher (level 7, -1/61 HPs)
             Began as a Minotaur Hunter on June 8, 2023.
             Was an Initiate of Okawaru.
             Slain by a jackal (2 damage)
             ... on level 4 of the Dungeon.
             The game lasted 00:01:34 (3350 turns).

qw the Skirmisher (Minotaur Hunter)                 Turns: 3350, Time: 00:01:35

Health: -1/61      AC:  6    Str: 16    XL:     7   Next: 46%
Magic:  6/6        EV: 11    Int:  6    God:    Okawaru [......]
Gold:   103        SH:  0    Dex: 15    Spells: 6/6 levels left

rFire   . . .        Y - +0 shortbow
rCold   . . .        (shield currently unavailable)
rNeg    . . .        h - +0 ring mail
rPois   +            (helmet restricted)
rElec   .            (no cloak)
rCorr   .            (no gloves)
SInv    .            b - +0 pair of boots
Will    .....        (no amulet)
Stlth   +            e - ring of poison resistance
HPRegen 0.30/turn    (no ring)
MPRegen 0.10/turn

%: no passive effects
@: no status effects
A: horns 2, retaliatory headbutt
a: Renounce Religion


You were on level 4 of the Dungeon.
You worshipped Okawaru.
Okawaru was noncommittal.
You visited 1 branch of the dungeon, and saw 5 of its levels.

You collected 248 gold pieces.
You spent 145 gold pieces at shops.


Innate Abilities, Weirdness & Mutations

You have a pair of horns on your head.
You reflexively headbutt those who attack you in melee.


   Skills:
 - Level 5.4 Fighting
 + Level 8.8 Ranged Weapons
 - Level 2.0 Armour
 - Level 2.1 Dodging
 - Level 0.7 Stealth


You had 6 spell levels left.
You didn't know any spells.
Your spell library was empty.

Inventory:

Hand Weapons
 Y - a +0 shortbow (weapon)
Armour
 b - a +0 pair of boots (worn)
 h - a +0 ring mail (worn)
 m - the +1 robe "Dapoask" {rPois}
   (You found it on level 4 of the Dungeon)

   rPois:     It protects you from poison.
Jewellery
 e - a ring of poison resistance (left hand)
 q - an amulet of faith
 r - an amulet of reflection
Wands
 j - a wand of flame (19)
Scrolls
 a - 2 scrolls of identify
 g - a scroll of enchant weapon {unknown}
 p - a scroll of teleportation {unknown}
Potions
 c - a potion of berserk rage {unknown}
 d - a potion of ambrosia {unknown}
 f - a potion of attraction {unknown}
 i - 2 potions of heal wounds {unknown}
 k - a potion of resistance {unknown}
 l - a potion of cancellation {unknown}
 n - a potion of degeneration {unknown}
 o - 3 potions of curing

Dungeon Overview and Level Annotations

Branches:
Dungeon (5/15)
 Temple: D:4-7

Altars:
Okawaru
The Shining One

Shops:
D:4 **

Annotations:
D:3 2 transporters, qw's ghost, weakling GrFi


Message History

You shoot an arrow.
The arrow hits the black bear but does no damage.
The black bear is heavily wounded.
The black bear bites you. The black bear closely misses you. x2
You shoot an arrow. The arrow hits the black bear.
The black bear is severely wounded.
The black bear bites you. The black bear closely misses you.
The black bear claws you.
A jackal comes into view.
You shoot an arrow. The jackal barks!
The arrow hits the black bear but does no damage.
The black bear is severely wounded.
A hobgoblin comes into view.
The black bear goes berserk!
You shoot an arrow. The arrow barely misses the black bear.
The black bear bites you! The black bear claws you.
The black bear claws you but does no damage.
The jackal bites you but does no damage.
The black bear bites you! The black bear misses you.
The black bear barely misses you.
You shoot an arrow. The arrow hits the black bear.
The black bear is severely wounded.
The jackal closely misses you. You furiously retaliate!
You headbutt the jackal. The black bear misses you. The black bear claws you.
The black bear barely misses you.
The jackal bites you but does no damage.
You shoot an arrow. The arrow hits the black bear!
The black bear is almost dead.
The black bear bites you. The black bear claws you.
The black bear claws you but does no damage.
The jackal bites you but does no damage.
The black bear bites you but does no damage.
The black bear claws you but does no damage.
The black bear closely misses you.
You shoot an arrow.
The arrow hits the black bear but does no damage.
The black bear is almost dead.
The jackal bites you.
You die...

### # #.#### # #....########
#.##........# . #.##.........
..# #.###........
..g.########..##......#.
......h.....#......>..#.
#######....h@....###.......#.
#.....#....h#'#...##....####.
#.....#######\#.#.##..#.# #.
#.....#.....#'#.........####.
#................####......#.
#.............>....##..##....
#<...............#.}.}.##.##.
#...................\.....##.
#.....#..........#.}.}...###(


You could see a black bear (berserk), 2 jackals and a hobgoblin.

Vanquished Creatures
  Grinder (D:3)
  A black bear (D:5)
  2 orc priests (D:4)
  2 jellies (D:4)
  A sleepcap (D:2)
  Terence (D:3)
  An iguana (D:4)
  3 orc wizards
  4 adders
  3 worms
  5 dart slugs
  11 orcs
  16 endoplasms
  2 giant cockroaches
  9 goblins
  14 hobgoblins
  6 jackals
  9 kobolds
  3 quokkas
  12 ball pythons
  6 bats
  A frilled lizard (D:2)
  3 rats
116 creatures vanquished.

Notes
Turn   | Place    | Note
-------+----------+-------------------------------------------
     0 | D:1      | qw the Minotaur Hunter began the quest for the Orb.
     0 | D:1      | Reached XP level 1. HP: 18/18 MP: 0/0
     0 | D:1      | 0 ||| qw: Version: 0.2-a-119-g0488c42
     0 | D:1      | 0 ||| qw: Game counter: 2749
     0 | D:1      | 0 ||| qw: Always use a shield: true
     0 | D:1      | 0 ||| qw: God list: Okawaru
     0 | D:1      | 0 ||| qw: Allow faded altars: false
     0 | D:1      | 0 ||| qw: Do Orc after D:15 true
     0 | D:1      | 0 ||| qw: Do second Lair branch before Depths: true
     0 | D:1      | 0 ||| qw: Lair rune preference: random
     0 | D:1      | 0 ||| qw: Plans: Normal
     0 | D:1      | 0 ||| PLANNING D:1-11
    34 | D:1      | 34 ||| FLEEEEING.
    36 | D:1      | 36 ||| FLEEEEING.
    37 | D:1      | 37 ||| FLEEEEING.
   102 | D:1      | Found a faded altar of an unknown god.
   116 | D:1      | Reached XP level 2. HP: 24/25 MP: 1/1
   181 | D:1      | Reached skill level 5 in Ranged Weapons
   322 | D:1      | Reached skill level 3 in Fighting
   451 | D:1      | Reached XP level 3. HP: 31/31 MP: 2/2
   702 | D:1      | 702 ||| UPGRADING to +0 ring mail.
   712 | D:1      | 712 ||| DROPPING +0 leather armour.
   713 | D:1      | 713 ||| UPGRADING to ring of poison resistance.
   714 | D:1      | 714 ||| READING scroll labelled VUM OQEWKE.
   715 | D:1      | 715 ||| READING 2 scrolls labelled RALIWOLEWU.
   716 | D:1      | 716 ||| READING scroll labelled UTUFIS HINKY.
   717 | D:1      | 717 ||| READING scroll labelled NIFAONE QEUL.
   718 | D:1      | 718 ||| READING scroll labelled DUZ OKONAFENEI.
   719 | D:1      | 719 ||| DRINKING 2 fizzy dark potions.
   720 | D:1      | 720 ||| DRINKING 2 inky potions.
   721 | D:1      | 721 ||| DROPPING scroll of butterflies.
   722 | D:1      | 722 ||| DROPPING scroll of immolation.
   723 | D:1      | 723 ||| DROPPING potion of magic.
   777 | D:2      | Reached skill level 1 in Armour
   883 | D:2      | Reached skill level 6 in Ranged Weapons
   883 | D:2      | Reached XP level 4. HP: 38/38 MP: 3/3
  1075 | D:2      | 1075 ||| FLEEEEING.
  1076 | D:2      | 1076 ||| FLEEEEING.
  1352 | D:2      | 1352 ||| READING scroll labelled KUGEGA OVVASUC.
  1353 | D:2      | 1353 ||| READING 2 scrolls labelled ATSAYC ZODE.
  1354 | D:2      | 1354 ||| READING scroll labelled VUCLEW DETIRHEAS.
  1355 | D:2      | 1355 ||| DROPPING scroll of noise.
  1403 | D:3      | Noticed qw's ghost (weakling GrFi)
  1460 | D:3      | Noticed Grinder
  1460 | D:3      | You fall into a shaft and drop 2 floors!
  1460 | D:5      | Entered Level 5 of the Dungeon
  1463 | D:5      | Noticed a black bear
  1475 | D:5      | Killed a black bear
  1476 | D:5      | Reached XP level 5. HP: 29/48 MP: 4/4
  1564 | D:4      | HP: 9/48 [orc priest/+3 hand axe (5)]
  1566 | D:4      | Reached XP level 6. HP: 8/56 MP: 5/5
  1860 | D:3      | 1860 ||| READING scroll labelled EROSIKK CEOH.
  2080 | D:3      | Found a transporter.
  2126 | D:3      | Paralysed by Grinder for 5 turns
  2132 | D:3      | Paralysed by Grinder for 4 turns
  2138 | D:3      | Killed Grinder
  2139 | D:3      | Reached skill level 8 in Ranged Weapons
  2139 | D:3      | Reached XP level 7. HP: 38/61 MP: 6/6
  2319 | D:3      | Noticed Terence
  2327 | D:3      | Killed Terence
  2563 | D:3      | Found a transporter.
  2724 | D:3      | 2724 ||| UPGRADING to +0 pair of boots.
  2729 | D:3      | 2729 ||| READING scroll labelled NUNUYX JAMAURA.
  2830 | D:3      | 2830 ||| DRINKING 2 metallic white potions.
  2871 | D:3      | 2871 ||| DROPPING potion of lignification.
  2928 | D:4      | Found an iron altar of Okawaru.
  2928 | D:4      | Found a glowing golden altar of the Shining One.
  2929 | D:4      | 2929 ||| PLANNING OKAWARU WORSHIP
  2932 | D:4      | Became a worshipper of Warmaster Okawaru
  2932 | D:4      | 2932 ||| PLANNING D:1-11
  3027 | D:4      | Found Zikleraa's Assorted Antiques.
  3041 | D:4      | 3041 ||| BUYING clear potion (21 gold).
  3041 | D:4      | Bought a clear potion for 21 gold pieces
  3041 | D:4      | 3041 ||| BUYING copper wand (96 gold).
  3041 | D:4      | Bought a copper wand for 96 gold pieces
  3041 | D:4      | 3041 ||| SHOPLISTING potion of magic (192 gold, have 118).
  3041 | D:4      | 3041 ||| SHOPLISTING twisted tourmaline ring (120 gold,
                  | have 118).
  3212 | D:4      | Identified the +1 robe "Dapoask" {rPois}
  3334 | D:4      | Found Deibb's General Store.
  3337 | D:4      | 3337 ||| SHOPLISTING +4 ring of slaying (1092 gold, have
                  | 131).
  3337 | D:4      | 3337 ||| BUYING scroll of identify (28 gold).
  3337 | D:4      | Bought a scroll of identify for 28 gold pieces
  3347 | D:4      | HP: 14/61 [black bear (7)]
  3349 | D:4      | HP: 1/61 [black bear (6)]
  3350 | D:4      | Slain by a jackal

Levels and vault maps discovered:
D:1:      ldierk_walled_garden_2, layout_loops_ring,
          ebering_ecumenical_altar_sacrificial, minmay_quantized
D:2:      cheibrodos_greedy_goblins, layout_basic
D:3:      layout_basic, gammafunk_ghost_stat_death, serial_bayou_pond_d,
          nicolae_concentric_dashed_squares_wild, uniq_grinder, uniq_terence
D:4:      cheibrodos_fertilizer, layout_rooms, gammafunk_temple_overflow_wave,
          serial_shops, kennysheep_mini, shop_fountains,
          hangedman_decor_opposing
D:5:      old_forge, layout_basic, grunt_qazlal_sundering,
          minmay_temple_entry_fiery, uniq_pikel

Skill      XL: |  1  2  3  4  5  6  7 |
---------------+----------------------+-----
Ranged Weapons | 5 6 8 |  8.8
Fighting       | 3 5 |  5.4
Armour         | 1 2 |  2.0
Dodging        | |  2.1
Stealth        | |  0.7

Action                     |  1- 3 |  4- 6 |  7- 9 || total
---------------------------+-------+-------+-------++-------
   Fire: Shortbow          |   109 |   150 |    96 ||   355
    Use: Scroll            |     5 |     4 |     1 ||    10
         Potion            |     2 |       |     1 ||     3
 Armour: Leather armour    |     4 |       |       ||     4
         Ring mail         |    11 |    32 |    17 ||    60
  Dodge: Dodged            |    31 |    59 |    32 ||   122

Table legend:
 A = Non-vault XP
 B = Vault XP
 C = Vault XP percentage of total XP
 D = Non-vault monster count
 E = Vault monster count
 F = Vault count percentage of total count
                 A         B        C        D         E       F
            +---------+---------+-------+---------+---------+-------
      Total |     605 |     452 |  42.8 |      82 |      34 |  29.3
            +---------+---------+-------+---------+---------+-------
        D:1 |      45 |      10 |  18.2 |      22 |       6 |  21.4
        D:2 |      99 |      20 |  16.8 |      19 |      10 |  34.5
        D:3 |     140 |     313 |  69.1 |      22 |       2 |   8.3
        D:4 |     188 |     109 |  36.7 |      18 |      16 |  47.1
        D:5 |     133 |       0 |   0.0 |       1 |       0 |   0.0
            +---------+---------+-------+---------+---------+-------
